 Dungeon Crawl Stone Soup version 0.23.2-40-g277498a001 (webtiles) character file.

Game seed: 4837668753704520680

57 MrTry the Covered (level 3, -3/33 HPs)
             Began as a Minotaur Fighter on Sept 6, 2019.
             Slain by an orc
             ... wielding a +0 war axe
              (7 damage)
             ... on level 3 of the Dungeon.
             The game lasted 00:07:59 (1516 turns).

MrTry the Covered (Minotaur Fighter)                Turns: 1516, Time: 00:08:00

Health: -3/33      AC:  9    Str: 21    XL:     3   Next: 73%
Magic:  2/2        EV:  7    Int:  5    God:
Gold:   148        SH:  9    Dex:  9    Spells: 2/2 levels left

rFire    . . .     SeeInvis .   a - +0 long sword
rCold    . . .     Gourm    .   c - +0 shield
rNeg     . . .     Faith    .   b - +0 scale mail
rPois    .         Spirit   .   (helmet restricted)
rElec    .         Reflect  .   (no cloak)
rCorr    .         Harm     .   h - +1 pair of gloves
MR       .....                  (no boots)
Stlth    ..........             (no amulet)
HPRegen  0.11/turn              (no ring)
MPRegen  0.08/turn              (no ring)

@: no status effects
A: retaliatory headbutt, horns 2
a: no special abilities


You were on level 3 of the Dungeon.
You were very hungry.

You visited 1 branch of the dungeon, and saw 3 of its levels.

You collected 148 gold pieces.

Inventory:

Hand Weapons
 a - a +0 long sword (weapon)
 m - a +0 hunting sling
Missiles
 i - 107 stones (quivered)
Armour
 b - a +0 scale mail (worn)
 c - a +0 shield (worn)
 h - a +1 pair of gloves (worn)
Scrolls
 j - 3 scrolls of identify
 o - a scroll of enchant armour {unknown}
 r - a scroll of remove curse {unknown}
Potions
 d - a potion of might
 e - 3 potions of curing
 g - 3 potions of flight {unknown}
 k - a potion of lignification {unknown}
 l - a potion of heal wounds {unknown}
 n - a potion of ambrosia {unknown}
 p - a potion of haste {unknown}
 q - 2 potions of agility {unknown}
Comestibles
 f - 5 rations


   Skills:
 + Level 4.1 Fighting
 + Level 3.2 Long Blades
 + Level 4.5 Armour
 + Level 0.1 Stealth
 + Level 4.1 Shields


You had 2 spell levels left.
You didn't know any spells.
Your spell library was empty.

Dungeon Overview and Level Annotations

Branches:
Dungeon (3/15)

Altars:
Wu Jian

Annotations:
D:3 Purgy


Innate Abilities, Weirdness & Mutations

You reflexively headbutt those who attack you in melee.
You have a pair of horns on your head.


Message History

You closely miss Purgy.
Purgy is lightly wounded.
Purgy bites you but does no damage. Purgy barely misses you.
Purgy claws you but does no damage. The orc hits you with a +0 war axe.
An orc comes into view.
Purgy bites you. Purgy claws you.
* * * LOW HITPOINT WARNING * * *
Purgy claws you.
* * * LOW HITPOINT WARNING * * *
You are feeling very hungry.
Purgy bites you.
* * * LOW HITPOINT WARNING * * *
Purgy claws you.
* * * LOW HITPOINT WARNING * * *
Purgy barely misses you.
The orc shouts!
You see here 3 gold pieces.
You block Purgy's attack. Purgy claws you but does no damage. x2
You open the door. The orc hits you with a +0 war axe!
You die...

..#.###.......#
###.###.o####.#
##......####.#
............#.#
.######.o.#.#.#
# #.#.o...#
#.....##T...#
#....##o....#
#......@....#
#....##'##..#
....# ≈.§ #..#
#.. ≈≈§§§ #..#
. ≈≈... #..#
#≈..§.§ ..#
8_.. .§ .#
##### ##


You could see Purgy and 2 orcs.

Vanquished Creatures
  An adder (D:2)
  An ooze (D:1)
  A worm (D:2)
  A dart slug (D:1)
  2 giant cockroaches
  2 goblins (D:1)
  5 hobgoblins
  3 jackals (D:1)
  A ball python (D:2)
  4 bats
  A frilled lizard (D:1)
  12 kobolds
  4 rats
38 creatures vanquished.

Notes
Turn   | Place    | Note
-------+----------+-------------------------------------------
     0 | D:1      | MrTry the Minotaur Fighter began the quest for the Orb.
     0 | D:1      | Reached XP level 1. HP: 19/19 MP: 0/0
   240 | D:1      | Reached XP level 2. HP: 26/27 MP: 1/1
   563 | D:1      | Reached XP level 3. HP: 33/33 MP: 2/2
  1495 | D:3      | Noticed Purgy
  1516 | D:3      | Found an ornate altar of the Wu Jian Council.
  1516 | D:3      | Slain by an orc

Skill      XL: |  1  2  3 |
---------------+----------+-----
Fighting       | 4 |  4.1
Armour         | 4 |  4.5
Shields        | 4 |  4.1
Long Blades    | 3 |  3.2
Stealth        | |  0.1

Action                   || total
-------------------------++-------
Melee: Long sword        ||    96
       Headbutt          ||    13
Throw: Stone             ||     3
  Use: Scroll            ||     4
       Potion            ||     1
  Eat: Chunk             ||     1
Armor: Scale mail        ||    72
Dodge: Dodged            ||    46
Block: Shield            ||    69
       Rpst.: Long sword ||     6
